 Dungeon Crawl Stone Soup version 0.28-a0-1493-g08698888e4 (webtiles) character file.

Game seed: 17629810441140187652

149 bande the Covered (level 5, 0/33 HPs)
             Began as a Gargoyle Fighter on Jan 13, 2022.
             Slain by a gnoll shaman (9 damage)
             ... on level 3 of the Dungeon.
             The game lasted 00:04:37 (3058 turns).

bande the Covered (Gargoyle Fighter)                Turns: 3058, Time: 00:04:38

Health: 0/33       AC: 12    Str: 20    XL:     5   Next: 31%
Magic:  5/5        EV:  9    Int:  8    God:
Gold:   117        SH:  4    Dex: 11    Spells: 4/4 levels left

rFire   . . .      SeeInvis .   a - +1 war axe
rCold   . . .      Faith    .   c - +0 buckler
rNeg    + . .      Spirit   .   b - +0 scale mail
rPois   ∞          Reflect  .   (no helmet)
rElec   +          Harm     .   (no cloak)
rCorr   .          Rampage  .   (no gloves)
Will    .....                   f - +0 pair of boots
Stlth   ..........              (no amulet)
HPRegen 0.11/turn               (no ring)
MPRegen 0.09/turn               (no ring)

@: lit by a corona, glowing
A: sickness immunity, AC +4, negative energy resistance 1, electricity
resistance, torment resistance 1, petrification resistance, screaming 1
a: no special abilities


You were on level 3 of the Dungeon.
You visited 1 branch of the dungeon, and saw 3 of its levels.

You collected 117 gold pieces.

Inventory:

Hand Weapons
 a - a +1 war axe (weapon)
 l - a +0 flail
Armour
 b - a +0 scale mail (worn)
 c - a +0 buckler (worn)
 f - a +0 pair of boots (worn)
Jewellery
 g - a ring of flight
Wands
 j - a wand of polymorph (8)
Scrolls
 h - 2 scrolls of identify
Potions
 d - a potion of might
 e - a potion of invisibility
 k - a potion of curing
 m - 2 potions of berserk rage


   Skills:
 + Level 4.0 Fighting
 + Level 3.5 Axes
 + Level 4.0 Armour
 - Level 0.1 Dodging
 + Level 3.8 Shields


You had 4 spell levels left.
You didn't know any spells.
Your spell library contained the following spells:

 Spells                   Type           Power      Damage    Failure   Level
 Scorch                   Fire           0%         2d5       94%         2
 Conjure Flame            Conj/Fire      0%         6-21      99%         3
 Ignite Poison            Fire/Tmut/Pois 0%         N/A       99%         3
 Flame Wave               Conj/Fire      0%         2d4       100%        4
 Sticky Flame             Conj/Fire      0%         2d3       100%        4
 Summon Cactus Giant      Summ           0%         N/A       100%        6


Dungeon Overview and Level Annotations

Branches:
Dungeon (3/15)

Altars:


Innate Abilities, Weirdness & Mutations

You are immune to sickness and miasma.
Your stone body is resilient. (AC +4)
You are immune to poison.
You resist negative energy. (rN+)
You are resistant to electric shocks. (rElec)
You are resistant to unholy torment.
You are immune to petrification.
You occasionally shout uncontrollably at your foes.


Message History

The gnoll shaman is heavily wounded.
You hit the gnoll but do no damage. You slash the plant! You hit the plant.
A nearby plant withers and dies. x2; The gnoll hits you but does no damage. x2
The gnoll hits you with a +0 whip.
You slash the gnoll!
You kill the gnoll!
You barely miss the gnoll. You barely miss the gnoll shaman.
The gnoll hits you with a +0 whip. You block the gnoll's attack.
The gnoll shaman hits you with a +0 whip.
The gnoll closely misses you.
Unknown command.
The gnoll hits you with a +0 spear.
The gnoll shaman hits you with a +0 whip.
The gnoll closely misses you.
You see here a +0 club.
Unknown command.
You slash the gnoll!
The gnoll is severely wounded.
You slash the gnoll! You barely miss the gnoll shaman.
The gnoll hits you with a +0 whip. The gnoll barely misses you.
The gnoll shaman barely misses you.
The gnoll hits you but does no damage. x2
The gnoll shaman hits you with a +0 whip.
Unknown command.
You closely miss the gnoll.
The gnoll is almost dead.
You barely miss the gnoll shaman. You hit the gnoll.
You kill the gnoll!
The gnoll hits you but does no damage. x2; The gnoll shaman closely misses you.
Your Fighting skill increases to level 4!
Unknown command.
You hit the gnoll.
You kill the gnoll!
You closely miss the gnoll shaman.
The gnoll shaman hits you with a +0 whip.
* * * LOW HITPOINT WARNING * * *
You block the gnoll shaman's attack.
You closely miss the gnoll shaman.
The gnoll shaman is heavily wounded.
The gnoll shaman hits you with a +0 whip!
You die...

##..#'#.##...# #.....###
. #..8.8......#
##.......[
...###...........#
..........##
.................#
.####...#.#
...###...........#
#...#.# .
#........)..### #.###.##
#.............## ##.#
#..# #.......P.g....#
....###.#
#......PP..@)P.#
.........
#.......P..).....#
.......#.
######...P.......#
.......#.
#.PP...P.P.............
#.PP...P...............
#..P.PP...............†
#.......................
#............#######....
#....


You could see a gnoll shaman.

Vanquished Creatures
  Ijyb (D:3)
  4 gnolls (D:3)
  3 adders
  2 dart slugs (D:1)
  An orc (D:3)
  9 endoplasms
  A giant cockroach (D:1)
  5 goblins
  4 hobgoblins
  7 jackals
  3 quokkas
  2 ball pythons (D:2)
  A bat (D:1)
  A frilled lizard (D:1)
  4 kobolds (D:1)
  4 rats (D:1)
52 creatures vanquished.

Vanquished Creatures (others)
  2 plants (D:3)
  4 toadstools (D:1)
6 creatures vanquished.

Grand Total: 58 creatures vanquished

Notes
Turn   | Place    | Note
-------+----------+-------------------------------------------
     0 | D:1      | bande the Gargoyle Fighter began the quest for the Orb.
     0 | D:1      | Reached XP level 1. HP: 14/14 MP: 1/1
   437 | D:1      | Reached XP level 2. HP: 19/19 MP: 2/2
   949 | D:1      | Reached XP level 3. HP: 21/23 MP: 3/3
  1430 | D:2      | Gained mutation: You occasionally shout uncontrollably at
                  | your foes. [potion of mutation]
  1659 | D:2      | Reached XP level 4. HP: 17/29 MP: 4/4
  2496 | D:2      | You fall into a shaft and drop 1 floor!
  2748 | D:3      | Noticed Ijyb
  2752 | D:3      | Killed Ijyb
  2934 | D:3      | Found a faded altar of an unknown god.
  3051 | D:3      | Reached XP level 5. HP: 29/33 MP: 5/5
  3058 | D:3      | Slain by a gnoll shaman

Illustrated notes

Levels and vault maps discovered:
D:1:      ldierk_water_garden, layout_loops_corners, dk_noncrumbling_2
D:2:      layout_basic
D:3:      layout_basic, dreamdust_ecumenical_altar_angels_and_demons,
          nicolae_grassy_gnolls, uniq_ijyb

Skill      XL: |  1  2  3  4  5 |
---------------+----------------+-----
Axes           | 2 3 |  3.5
Armour         | 4 |  4.0
Fighting       | 4 |  4.0
Dodging        | |  0.1
Shields        | |  3.8

Action                   |  1- 3 |  4- 6 || total
-------------------------+-------+-------++-------
Melee: War axe           |    86 |    61 ||   147
  Use: Scroll            |     2 |     4 ||     6
       Potion            |     1 |       ||     1
Armor: Scale mail        |    48 |    35 ||    83
Dodge: Dodged            |    43 |    42 ||    85
Block: Buckler           |    17 |    13 ||    30

Table legend: (Time is in decaauts)
 A = Elapsed time spent in this place.
 B = Non-inter-level travel time spent in this place.
 C = Inter-level travel time spent in this place.
 D = Time resting spent in this place.
 E = Time spent auto-exploring this place.
 F = Levels seen in this place.
 G = Mean time per level.
                   A        B        C        D        E       F      G
               +--------+--------+--------+--------+--------+-----+--------+
         Total |   3122 |   3122 |      0 |    718 |   1904 |   3 | 1040.7 |
       Dungeon |   3122 |   3122 |      0 |    718 |   1904 |   3 | 1040.7 |
               +--------+--------+--------+--------+--------+-----+--------+

Top non-repeatable levels by time:
     D:1: 1455 daAuts
     D:2: 1252 daAuts
     D:3: 414 daAuts
